 Dungeon Crawl Stone Soup version 0.24.0-37-gcf1ca852f1 (webtiles) character file.

Game seed: 3812348836444184116, levelgen mode: deterministic

12903 Ahmontep the Thaumaturge (level 11, -13/86 HPs)
             Began as a Mummy Wizard on Dec 3, 2019.
             Was an Initiate of Gozag.
             Mangled by an enormous slime creature (50 damage)
             ... on level 12 of the Dungeon.
             The game lasted 01:03:38 (20995 turns).

Ahmontep the Thaumaturge (Mummy Wizard)            Turns: 20995, Time: 01:03:55

Health: -13/86     AC:  8    Str: 11    XL:     11   Next: 68%
Magic:  22/27      EV: 12    Int: 20    God:    Gozag
Gold:   1432       SH:  0    Dex: 13    Spells: 18/35 levels left

rFire    x . .     SeeInvis .   b - staff of energy
rCold    + + .     Gourm    .   (no shield)
rNeg     + + +     Faith    .   v - +2 robe of the Prince {rC+ Dex+2}
rPois    ∞         Spirit   .   e - +0 helmet
rElec    .         Reflect  .   (no cloak)
rCorr    .         Harm     .   f - +2 pair of gloves
MR       +....                  (no boots)
Stlth    ++........             p - amulet of magic regeneration
HPRegen  0.24/turn              (no ring)
MPRegen  0.45/turn              (no ring)

@: confusing touch, very slightly contaminated
A: no food or potions, fire vulnerability, cold resistance 1, negative energy
resistance 3, torment resistance, unbreathing
a: Potion Petition, Call Merchant, Bribe Branch, Renounce Religion


You were on level 12 of the Dungeon.
You worshipped Gozag.
Gozag was most pleased with you.
You were not hungry.

You visited 2 branches of the dungeon, and saw 13 of its levels.
You also visited: Sewer.

You collected 2172 gold pieces.
You paid 740 gold pieces to Gozag.

Inventory:

Hand Weapons
 a - a +2 short sword of protection
Armour
 e - a +0 helmet (worn)
 f - a +2 pair of gloves (worn)
 v - the +2 robe of the Prince (worn) {rC+ Dex+2}
   (You found it on level 10 of the Dungeon)

   It affects your dexterity (+2).
   It protects you from cold.
Magical Staves
 b - an uncursed staff of energy (weapon)
Jewellery
 n - a +5 amulet of reflection
 p - an amulet of magic regeneration (around neck)
Wands
 q - a wand of enslavement (10)
 x - a wand of random effects (14)
Scrolls
 c - 4 scrolls of remove curse
 d - a scroll of amnesia
 g - a scroll of holy word
 h - 2 scrolls of fog
 k - 2 scrolls of enchant weapon
 l - a scroll of torment
 m - a scroll of fear
 o - 2 scrolls of noise
 s - 2 scrolls of immolation
 t - a scroll of blinking
 w - a scroll of enchant armour
 y - a scroll of random uselessness
 z - a scroll of brand weapon {unknown}


   Skills:
 - Level 8.2 Fighting
 - Level 1.5 Dodging
 - Level 1.5 Stealth
 - Level 12.8 Spellcasting
 - Level 10.5 Conjurations
 - Level 0.7 Summonings
 - Level 0.7 Translocations
 + Level 3.7 Earth Magic


You had 18 spell levels left.
You knew the following spells:

 Your Spells              Type           Power        Failure   Level  Hunger
a - Magic Dart            Conj           ####         1%          1    N/A
b - Call Imp              Summ           ###.....     6%          2    N/A
c - Blink                 Tloc           N/A          6%          2    N/A
d - Mephitic Cloud        Conj/Pois/Air  ####....     3%          3    N/A
e - Conjure Flame         Conj/Fire      ####....     1%          3    N/A
f - Confusing Touch       Hex            ##....       5%          1    N/A
g - Lee's Rapid Deconstr  Erth           ####......   30%         5    N/A

Your spell library contained the following spells:

 Spells                   Type           Power        Failure   Level  Hunger
 Sandblast                Erth           ####..       1%          1    N/A
 Stone Arrow              Conj/Erth      #####.       1%          3    N/A
 Apportation              Tloc           ###...       3%          1    N/A
 Summon Butterflies       Summ           ###.....     3%          1    N/A
 Passwall                 Tmut/Erth      ###.....     3%          2    N/A
 Slow                     Hex            ##......     8%          2    N/A
 Gell's Gravitas          Tloc           ###.......   12%         3    N/A
 Lesser Beckoning         Tloc           ###.......   12%         3    N/A
 Confuse                  Hex            ##......     16%         3    N/A
 Tukima's Dance           Hex            ##......     16%         3    N/A
 Petrify                  Tmut/Erth      ###.....     24%         4    N/A
 Alistair's Intoxication  Tmut/Pois      ##......     82%         5    N/A
 Metabolic Englaciation   Hex/Ice        ##........   82%         5    N/A
 Yara's Violent Unravell  Hex/Tmut       ##........   82%         5    N/A
 Invisibility             Hex            ##......     100%        6    N/A

Dungeon Overview and Level Annotations

Branches:
Dungeon (12/15)            Temple (1/1) D:6            Lair (0/6) D:11
  Sewer (visited)
    Orc: D:9-12

Altars:
Ashenzari
Cheibriados
Dithmenos
Elyvilon
Fedhas
Gozag
Hepliaklqana
Kikubaaqudgha
Makhleb
Nemelex Xobeh
Okawaru
Qazlal
Ru
Sif Muna
Trog
Uskayaw
Vehumet
Wu Jian
Xom
Yredelemnul
Zin
The Shining One

Shops:
D:7 !   D:9 =

Annotations:
D:8 Harold
D:12 Azrael


Innate Abilities, Weirdness & Mutations

You do not eat or drink.
Your flesh is vulnerable to fire.
You are immune to poison.
Your flesh is cold resistant. (rC+)
You are immune to negative energy. (rN+++)
You are immune to unholy pain and torment.
You can survive without breathing.


Message History

The fire ignites!
Two slime creatures merge to form an enormous slime creature.
Your crimson imp blinks!
Your shadow imp hits the enormous slime creature.
Casting: Conjure Flame (safe; 1% risk of failure)
Confirm with . or Enter, or press ? or * to list all spells.
Okay, then.
Unknown command.
Unknown command.
Casting: Conjure Flame (safe; 1% risk of failure)
Confirm with . or Enter, or press ? or * to list all spells.
Your hands begin to glow red.
The enormous slime creature is engulfed in blazing flames.
You hit the enormous slime creature but do no damage.
The enormous slime creature is heavily wounded.
The slime creature hits your crimson imp.
The enormous slime creature hits you!!!
Ouch! That really hurt!
You die...
Your body crumbles into a pile of gold.

#################################
.................................
..##...##..........###....###....
..##...##...#####..###(...###....
...........J55§J@....)..(......%.
...........###################...
.##........'.....# #...
.##........#.....# #.##
...........#.....# ######...
####'#######.!...# #........
.>...............# #......##
.................# #.#....##
..........######## #........


You could see an enormous slime creature, a slime creature, a friendly crimson
imp and a friendly shadow imp.

Vanquished Creatures
  2 two-headed ogres
  Pikel (D:6)
  A manticore (D:12)
  An ugly thing (D:12)
  Joseph (D:8)
  A kobold demonologist (D:11)
  A yaktaur (D:12)
  4 trolls
  Prince Ribbit (D:6)
  4 hippogriffs
  A slime creature (D:11)
  7 yaks
  2 water elementals (D:11)
  3 wyverns
  A warg (D:12)
  Menkaure (D:6)
  An acid dragon (D:12)
  A water moccasin (D:8)
  2 black bears
  2 orc warriors
  3 slaves (D:6)
  A sky beast (D:9)
  4 ice beasts
  A necrophage (D:9)
  5 ogres
  4 centaurs
  A crocodile (D:11)
  2 big kobolds
  10 bullfrogs
  3 scorpions
  5 killer bees (D:7)
  13 wights
  4 electric eels
  5 howler monkeys
  3 bullfrog zombies
  3 crimson imps
  2 centaur zombies (D:10)
  7 jellies
  3 bullfrog skeletons
  A centaur skeleton (D:9)
  13 orc wizards
  8 hounds
  3 orc priests
  4 iguanas
  8 worker ants
  A hound zombie (D:8)
  Robin (D:2)
  7 adders
  9 gnolls
  A river rat (D:3)
  4 shadow imps
  7 oozes
  3 adder skeletons
  4 worms
  4 dart slugs
  4 leopard geckos
  24 orcs
  10 goblins
  11 hobgoblins
  14 jackals
  13 kobolds
  3 quokkas
  3 ball pythons (D:3)
  10 bats
  4 frilled lizards
  A jackal skeleton (D:5)
  A leopard gecko zombie (D:6)
  5 rats
298 creatures vanquished.

Vanquished Creatures (collateral kills)
  An eye of draining (D:12)
  A water moccasin skeleton (D:4)
  A centaur zombie (D:10)
  A bullfrog skeleton (D:11)
  A worker ant (D:4)
  An adder (D:3)
  2 river rats
  3 shadow imps
  4 worms
  An orc (D:3)
  A ball python (D:3)
  2 goblins (D:2)
  A hobgoblin (D:2)
  A jackal (D:2)
  2 kobolds (Sewer)
  5 rats
28 creatures vanquished.

Vanquished Creatures (others)
  A slave (D:6)
  An electric eel (D:7)
  A centaur skeleton (D:6)
  An orc wizard (D:7)
  An adder skeleton (D:6)
5 creatures vanquished.

Grand Total: 331 creatures vanquished

Notes
Turn   | Place    | Note
-------+----------+-------------------------------------------
     0 | D:1      | Ahmontep the Mummy Wizard began the quest for the Orb.
     0 | D:1      | Reached XP level 1. HP: 13/13 MP: 5/5
    41 | D:1      | Reached skill level 1 in Conjurations
   302 | D:1      | Reached XP level 2. HP: 11/19 MP: 2/7
   700 | D:1      | Learned a level 2 spell: Blink
   703 | D:1      | Learned a level 2 spell: Call Imp
   808 | D:1      | Reached XP level 3. HP: 24/24 MP: 6/8
  1270 | D:2      | Found a bloodstained altar of Trog.
  1286 | D:2      | Learned a level 3 spell: Mephitic Cloud
  1492 | D:2      | Noticed Robin
  1528 | D:2      | Killed Robin
  1528 | D:2      | Reached XP level 4. HP: 29/30 MP: 6/10
  1651 | D:2      | Learned a level 3 spell: Conjure Flame
  2100 | D:3      | Found a shattered altar of Ashenzari.
  2341 | D:3      | Found an ancient bone altar of Kikubaaqudgha.
  2457 | D:3      | Reached XP level 5. HP: 32/35 MP: 11/11
  2478 | D:3      | Found a stormy altar of Qazlal.
  2546 | D:3      | Found a glowing drain.
  2568 | Sewer    | Entered a sewer
  2976 | Sewer    | Found a glowing silver altar of Zin.
  3437 | D:3      | Found a glowing silver altar of Zin.
  3438 | D:3      | Found a sacrificial altar of Ru.
  3846 | D:4      | Reached skill level 5 in Conjurations
  3846 | D:4      | Reached XP level 6. HP: 28/41 MP: 8/12
  4451 | D:4      | Reached XP level 7. HP: 46/46 MP: 7/13
  5067 | D:5      | Entered Level 5 of the Dungeon
  6334 | D:5      | Found a burning altar of Makhleb.
  7007 | D:6      | Found an opulent altar of Gozag.
  7016 | D:6      | Became a worshipper of Gozag Ym Sagoz the Greedy
  7119 | D:6      | Noticed Pikel
  7148 | D:6      | Killed Pikel
  7148 | D:6      | Reached skill level 5 in Spellcasting
  7148 | D:6      | Reached XP level 8. HP: 50/52 MP: 1/15
  7306 | D:6      | Found a staircase to the Ecumenical Temple.
  7327 | Temple   | Entered the Ecumenical Temple
  7548 | D:6      | Noticed Prince Ribbit
  7549 | D:6      | Noticed a two-headed ogre
  8528 | D:6      | Killed a two-headed ogre
  8528 | D:6      | Reached skill level 9 in Spellcasting
  8644 | D:6      | Killed Prince Ribbit
  8644 | D:6      | Reached skill level 1 in Fighting
  8644 | D:6      | Reached XP level 9. HP: 59/59 MP: 15/22
  8762 | D:6      | Noticed Menkaure
  8772 | D:6      | Killed Menkaure
  9431 | D:6      | Found a hazy altar of Hepliaklqana.
  9875 | D:7      | Found Waemub's Distillery.
 10103 | D:7      | Reached skill level 10 in Spellcasting
 10756 | D:8      | Found a sparkling altar of Nemelex Xobeh.
 10988 | D:8      | Noticed Joseph
 11005 | D:8      | Noticed Harold
 11661 | D:8      | Killed Joseph
 11856 | D:8      | Reached XP level 10. HP: 69/73 MP: 20/24
 11900 | D:8      | Reached skill level 5 in Fighting
 12553 | D:9      | Reached skill level 11 in Spellcasting
 12812 | D:9      | Noticed a two-headed ogre
 12822 | D:9      | Killed a two-headed ogre
 12981 | D:9      | HP: 2/76 [electric eel/bolt of electricity (14)]
 12996 | D:9      | HP: 3/76 [bullfrog zombie (3)]
 14285 | D:9      | Found Mise's Jewellery Boutique.
 14597 | D:9      | Learned a level 1 spell: Confusing Touch
 14637 | D:9      | Found a shimmering blue altar of Sif Muna.
 14746 | D:10     | Entered Level 10 of the Dungeon
 14820 | D:10     | Got a fabulously ornate robe
 14845 | D:9      | Identified the +2 robe of the Prince {rC+ Dex+2} (You found
                  | it on level 10 of the Dungeon)
 15049 | D:10     | Reached skill level 12 in Spellcasting
 15049 | D:10     | Reached skill level 10 in Conjurations
 15418 | D:10     | Reached XP level 11. HP: 84/84 MP: 8/27
 17201 | D:11     | Found a staircase to the Lair.
 18774 | D:12     | Noticed a white ugly thing
 18784 | D:12     | Killed a white ugly thing
 18936 | D:12     | Learned a level 5 spell: Lee's Rapid Deconstruction
 19310 | D:12     | Reached skill level 1 in Earth Magic
 19589 | D:12     | Noticed Azrael
 19670 | D:12     | HP: 1/86 [shadow imp (4)]
 20995 | D:12     | Mangled by an enormous slime creature

Levels and vault maps discovered:
D:1:      dpeg_arrival_rhombi, layout_loops_ring
D:2:      layout_rooms, lemuel_doored_altar, first_ration, uniq_robin
D:3:      layout_loops_ring, grunt_qazlal_clouds,
          gammafunk_temple_overflow_pools, nicolae_ashenzari_panopticon,
          lemuel_crystal_altar, portal_sewer_entry_b
D:4:      layout_loops_ring
D:5:      layout_basic, kennysheep_mini
D:6:      layout_basic, nicolae_gozag_seed_capital,
          nicolae_overflow_hidden_temple, temple_statues, feat_on_display,
          uniq_prince_ribbit1, uniq_menkaure, uniq_pikel
D:7:      layout_cave_pools, serial_shops, nicolae_shop_trees,
          grunt_ministairs_12, minivault_4, chequers_serial_rivers_micro_e
D:8:      layout_loops_corners, marbit_many_paths, uniq_harold, uniq_joseph
D:9:      kennysheep_big_flooded_room, layout_long_grid, lemuel_blue_sif_altar,
          serial_shops, nicolae_shop_crystal
D:10:     layout_loops_ring, kennysheep_generic_room_12
D:11:     layout_basic, lair_entry_dummy, hangedman_little_slice_of_home
D:12:     layout_stronghold, minmay_orc_entry_guard_dogs, uniq_azrael
Temple:   minmay_temple_curvy_loop

Skill      XL: |  1  2  3  4  5  6  7  8  9 10 11 |
---------------+----------------------------------+-----
Conjurations   | 1 2 3 4 5 6 8 9 10 | 10.5
Spellcasting   | 5 9 10 12 | 12.8
Fighting       | 1 4 7 8 |  8.2
Earth Magic    | 3 |  3.7
Dodging        | |  1.5
Stealth        | |  1.5
Summonings     | |  0.7
Translocations | |  0.7

Action                   |  1- 3 |  4- 6 |  7- 9 | 10-12 || total
-------------------------+-------+-------+-------+-------++-------
Melee: Unarmed           |     1 |       |       |       ||     1
       Short sword       |   102 |   204 |    79 |       ||   385
       Staff             |       |       |   134 |   203 ||   337
 Fire: Hunting sling     |       |    11 |       |       ||    11
 Cast: Magic Dart        |    53 |    23 |   134 |   427 ||   637
       Call Imp          |     9 |    26 |     2 |    29 ||    66
       Conjure Flame     |       |     3 |    36 |    91 ||   130
       Mephitic Cloud    |       |     2 |    65 |    54 ||   121
       Blink             |       |       |     2 |    11 ||    13
       Confusing Touch   |       |       |       |     3 ||     3
       Lee's Rapid Decon |       |       |       |     1 ||     1
Invok: Potion Petition   |       |       |       |     3 ||     3
Evoke: Staff of energy   |       |       |    40 |    41 ||    81
  Use: Scroll            |       |     4 |     9 |     9 ||    22
 Stab: Distracted        |     1 |       |       |       ||     1
       Sleeping          |     1 |       |       |       ||     1
       Confused          |       |       |    19 |     7 ||    26
Armor: Robe              |    21 |       |       |    74 ||    95
       Leather armour    |    27 |   112 |    80 |    17 ||   236
Dodge: Dodged            |    86 |   127 |   133 |   174 ||   520
Block: Other             |       |       |    42 |     9 ||    51
       Reflection        |       |       |     2 |     1 ||     3
